 Dungeon Crawl Stone Soup version 0.18.1-6-gd335043 (webtiles) character file.

145 Wooh the Twirler (level 5, -3/38 HPs)
             Began as a Human Gladiator on May 18, 2016.
             Killed by divine providence
             ... invoked by an orc priest
              (12 damage)
             ... on level 3 of the Dungeon.
             The game lasted 00:06:59 (1985 turns).

Wooh the Twirler (Human Gladiator)                  Turns: 1985, Time: 00:06:59

Health: -3/38      AC:  7    Str: 15    XL:     5   Next: 53%
Magic:  5/5        EV: 12    Int:  9    God:
Gold:   75         SH:  0    Dex: 14    Spells: 0 memorised, 4 levels left

rFire  . . .     SeeInvis .     a - +0 quarterstaff
rCold  + . .     Gourm    .     t - +0 ring mail {rC+}
rNeg   . . .     Faith    .     (shield currently unavailable)
rPois  .         Spirit   .     c - +0 helmet
rElec  .         Dismiss  .     (no cloak)
rCorr  .         Reflect  .     n - +0 pair of gloves (curse)
SustAt .         Harm     .     (no boots)
MR     .....                    (no amulet)
Stlth  +.........               (no ring)
                                (no ring)

@: not resistant to hostile enchantments, very unstealthy
A: no striking features
a: no special abilities


You were on level 3 of the Dungeon.
You were hungry.

You visited 1 branch of the dungeon, and saw 3 of its levels.

You collected 75 gold pieces.

Inventory:

Hand Weapons
 a - a +0 quarterstaff (weapon)
Missiles
 d - 3 throwing nets (quivered)
 g - 18 poisoned needles
 p - 54 bolts
 u - 12 arrows
Armour
 c - a +0 helmet (worn)
 n - a cursed +0 pair of gloves (worn)
 t - a +0 ring mail of cold resistance (worn)
Jewellery
 j - an uncursed ring of sustain attributes {unknown}
Scrolls
 e - a scroll of remove curse
 v - a scroll of magic mapping
Potions
 h - 2 potions of curing
 l - a potion of magic
 m - 2 potions of lignification
 q - a potion of haste
 s - 2 potions of cancellation
Comestibles
 f - 3 bread rations
 i - a beef jerky
 k - a slice of pizza
 o - 8 fruits
 r - a meat ration


   Skills:
 - Level 2.0 Fighting
 + Level 5.8 Staves
 - Level 2.0 Throwing
 - Level 3.0 Dodging


You had 4 spell levels left.
You didn't know any spells.

Dungeon Overview and Level Annotations

Branches:
Dungeon (3/15)

Altars:
Ashenzari


Message History

You hit the orc priest but do no damage.
The orc priest is heavily wounded.
The giant gecko closely misses you. The orc hits you with a flail!
The orc priest closely misses you. The orc hits you but does no damage.
The giant gecko closely misses you.
You hit the orc priest but do no damage.
The orc priest is heavily wounded.
The orc barely misses you. The giant gecko misses you.
The orc priest barely misses you. The orc barely misses you.
You hit the orc priest but do no damage.
The orc priest is heavily wounded.
The giant gecko barely misses you. The orc hits you but does no damage.
The orc hits you with a flail.
The orc priest invokes the aid of Beogh against you.
Beogh smites you!
* * * LOW HITPOINT WARNING * * *
All of the chunks of flesh in your inventory have rotted away.
The orc priest mumbles some strange prayers to Beogh against you.
Beogh smites you!
You die...

######################...
.........................
....############@########
###.# .......lo# #.##
.......oo######## #..#
######..(.....o.. ##.##
......########### #.(# #
###.... ..#.. ##.#.#
#.... #.#.# ###...###
#....######.#.# #.......#
#..........<#.#


You could see an orc priest, 2 orcs and a giant gecko.

Vanquished Creatures
  Jessica (D:3)
  Natasha (D:3)
  A gnoll (D:1)
  2 adders (D:2)
  2 oozes
  A dart slug (D:1)
  A giant gecko (D:1)
  5 orcs (D:3)
  7 bats
  2 giant cockroaches (D:2)
  4 goblins
  6 hobgoblins
  4 jackals (D:1)
  3 giant newts
  6 kobolds
  6 rats
52 creatures vanquished.

Notes
Turn   | Place    | Note
--------------------------------------------------------------
     0 | D:1      | Wooh the Human Gladiator began the quest for the Orb.
     0 | D:1      | Reached XP level 1. HP: 16/16 MP: 1/1
   251 | D:1      | Reached XP level 2. HP: 22/22 MP: 2/2
   273 | D:1      | Reached skill level 4 in Staves
   273 | D:1      | Reached XP level 3. HP: 16/27 MP: 3/3
  1048 | D:2      | Reached XP level 4. HP: 33/33 MP: 4/4
  1285 | D:2      | Reached skill level 5 in Staves
  1797 | D:3      | Noticed Jessica
  1809 | D:3      | Killed Jessica
  1809 | D:3      | Reached XP level 5. HP: 33/38 MP: 5/5
  1853 | D:3      | Found a shattered altar of Ashenzari.
  1905 | D:3      | Noticed Natasha
  1914 | D:3      | Killed Natasha
  1985 | D:3      | Killed from afar by an orc priest

Skill      XL: |  1  2  3  4 |
---------------+-------------+-----
Staves         | 4 5 |  5.8
Fighting       | |  2.0
Throwing       | |  2.0
Dodging        | |  3.0

Action                   |  1- 3 |  4- 6 || total
-------------------------+-------+-------++-------
Melee: Quarterstaff      |    88 |    80 ||   168
  Use: Scroll            |       |     6 ||     6
  Eat: Chunk             |       |     3 ||     3
Armor: Leather armour    |    29 |    10 ||    39
       Ring mail         |       |    20 ||    20
Dodge: Dodged            |    58 |    61 ||   119
